 Dungeon Crawl Stone Soup version 0.29.0-4-gdea44cf6ec (webtiles) character file.

Game seed: 18222090136729522668

121 qw the Chopper (level 5, -1/35 (42) HPs)
             Began as a Barachi Chaos Knight on Sept 5, 2022.
             Slain by an ice beast (8 damage)
             ... on level 4 of the Dungeon.
             The game lasted 00:01:26 (3695 turns).

qw the Chopper (Barachi Chaos Knight)               Turns: 3695, Time: 00:01:26

HP:   -1/35 (42)    AC:  9    Str: 14      XL:     5   Next: 5%
MP:   5/5           EV:  6    Int: 12      God:
Gold: 152           SH:  0    Dex:  9 (11) Spells: 4/4 levels left

rFire   + + .      SeeInvis .   Y - +0 hand axe (chaos)
rCold   . . .      Faith    .   (no shield)
rNeg    . . .      Spirit   .   b - +0 chain mail
rPois   +          Reflect  .   (no helmet)
rElec   .          Harm     .   (no cloak)
rCorr   +          Rampage  .   (no gloves)
Will    .....                   a - +0 pair of boots "Weopsow" {rF+ rCorr Slay+2}
Stlth   ..........              (no amulet)
HPRegen 0.11/turn               h - ring of poison resistance
MPRegen 0.09/turn               (no ring)

@: heavily drained, unable to drink, slow
A: amphibious, slowness 1, strong legs 1, +LOS, fire resistance 1, weak 1,
inability to drink after injury 2
a: Hop


You were on level 4 of the Dungeon.
You visited 1 branch of the dungeon, and saw 4 of its levels.

You collected 152 gold pieces.


Innate Abilities, Weirdness & Mutations

You are amphibious.
You cover ground slowly.
You can hop short distances.
You have an extended range of vision and can be seen from far away.
Your flesh is heat resistant. (rF+)
You are weak. (Str -2)
You sometimes lose the ability to drink potions when taking damage.


   Skills:
 + Level 3.9 Fighting
 - Level 6.0 Axes
 - Level 2.4 Armour
 - Level 1.1 Dodging


You had 4 spell levels left.
You didn't know any spells.
Your spell library was empty.

Inventory:

Hand Weapons
 o - a +0 flail
 Y - a +0 hand axe of chaos (weapon)
Armour
 a - the +0 pair of boots "Weopsow" (worn) {rF+ rCorr Slay+2}
   (You acquired it on level 1 of the Dungeon)

   Slay:      It affects your accuracy & damage with ranged weapons and melee
   (+2).
   rF:        It protects you from fire.
   rCorr:     It protects you from acid and corrosion.
 b - a +0 chain mail (worn)
Jewellery
 h - a ring of poison resistance (left hand)
Scrolls
 f - a scroll of teleportation
 k - a scroll of identify
Potions
 d - a potion of cancellation
 e - 2 potions of curing
 g - a potion of magic {unknown}
 j - a potion of brilliance {unknown}
 l - a potion of might
 n - a potion of heal wounds {unknown}
 p - a potion of flight {unknown}
Miscellaneous
 c - a piece from Xom's chessboard (15/15)

Dungeon Overview and Level Annotations

Branches:
Dungeon (4/15)
 Temple: D:4-7

Altars:
Zin


Message History

What level of the Dungeon? (default 1, ? - help)
There is an open door here.
You see here a +0 club.
There is a stone staircase leading down here.
You climb downwards.
You hear the hiss of flowing sand.
There is an entrance to an ossuary on this level.
Hurry and find it before the portal is buried!
There is a stone staircase leading up here.
Existing waypoints: (1) D:2 (2) D:3 Assign waypoint to what number? (0-9, D - delete waypoint) Waypoint 1 re-assigned from D:2 to D:4.
3627 ||| PLANNING OSSUARY
Found a stone staircase leading down.
There is a stone staircase leading up here.
There is a stone staircase leading up here.
You hear the slow hiss of a very distant avalanche of sand.
Found a long sword.
Found a stone staircase leading up.
You now have 152 gold pieces (gained 16).
An ice beast comes into view.
You slash the ice beast!
The ice beast flickers and vanishes!
Deactivating autopickup; reactivate with Ctrl-A.
Something completely misses you.
You hit something but do no damage.
Nothing appears to happen.
Something hits you. Something freezes you!
You miss something. Something hits you but does no damage.
You barely miss something. Something hits you but does no damage.
You hit something but do no damage.
You swing at nothing.
You miss something. You hit something. You closely miss something.
Something hits you. Something freezes you!
You feel threatened and lose the ability to drink potions!
You hit something but do no damage.
Nothing appears to happen.
Something hits you. Something freezes you!
You die...

..# #.# ... ... #.# #
#.##### # #.. ..### #
#.#.#######[###.#.. #
#.#........@..#.#.# #
#.#########.#.#.#.# #
#.# #.....#.###.# # #.#
#<#.##......# # #.#
#.#.##..##### #
##.#########.......# #
#......>....)..###.# #
#..############# #.#
#####<.........#######.#


There were no monsters in sight!

Vanquished Creatures
  An orc priest (D:3)
  An adder (D:2)
  3 worms (D:3)
  A dart slug (D:1)
  8 orcs (D:3)
  3 endoplasms
  2 giant cockroaches (D:1)
  7 goblins
  6 hobgoblins
  6 jackals (D:1)
  2 kobolds
  2 quokkas
  5 ball pythons
  6 bats
  5 rats
58 creatures vanquished.

Notes
Turn   | Place    | Note
-------+----------+-------------------------------------------
     0 | D:1      | qw the Barachi Chaos Knight began the quest for the Orb.
     0 | D:1      | Reached XP level 1. HP: 18/18 MP: 1/1
     0 | D:1      | 0 ||| qw: Version: 0.1-a-104-g96f76f8
     0 | D:1      | 0 ||| qw: Game counter: 5932
     0 | D:1      | 0 ||| qw: Always use a shield: true
     0 | D:1      | 0 ||| qw: God list: Okawaru
     0 | D:1      | 0 ||| qw: Allow faded altars: false
     0 | D:1      | 0 ||| qw: Do Orc after D:15 true
     0 | D:1      | 0 ||| qw: Do second Lair branch before Depths: true
     0 | D:1      | 0 ||| qw: Lair rune preference: random
     0 | D:1      | 0 ||| qw: Plans: Normal
     0 | D:1      | 0 ||| PLANNING D:1-11
     0 | D:1      | Fell from the grace of Xom
   129 | D:1      | Reached XP level 2. HP: 22/24 MP: 2/2
   159 | D:1      | Reached skill level 4 in Axes
   323 | D:1      | 323 ||| Stepping ~*~*~tactically~*~*~ (stealth).
   327 | D:1      | 327 ||| Stepping ~*~*~tactically~*~*~ (stealth).
   328 | D:1      | 328 ||| Stepping ~*~*~tactically~*~*~ (stealth).
   432 | D:1      | XOM: summons 1 hostile shadow creature
   693 | D:1      | Reached XP level 3. HP: 22/29 MP: 3/3
   701 | D:1      | 701 ||| Stepping ~*~*~tactically~*~*~ (stealth).
  1066 | D:1      | Found a faded altar of an unknown god.
  1174 | D:1      | 1174 ||| Stepping ~*~*~tactically~*~*~ (stealth).
  1460 | D:1      | 1460 ||| READING scroll labelled QITHRO HAHI.
  1461 | D:1      | 1461 ||| READING scroll labelled TULEAJARYC.
  1461 | D:1      | Identified a scroll of acquirement
  1461 | D:1      | 1461 ||| ACQUIRING +0 pair of boots "Weopsow" {rF+ rCorr
                  | Slay+2}
  1461 | D:1      | Acquired the +0 pair of boots "Weopsow" {rF+ rCorr Slay+2}
  1463 | D:1      | 1463 ||| UPGRADING to +0 pair of boots "Weopsow" {rF+ rCorr
                  | Slay+2}.
  1468 | D:1      | 1468 ||| READING scroll labelled DIEGEJU ZAHIM.
  1469 | D:1      | 1469 ||| READING 2 scrolls labelled PYECHO EMUNUN.
  1470 | D:1      | 1470 ||| READING scroll labelled CAREID YDAANK.
  1471 | D:1      | 1471 ||| READING scroll labelled TEKAUJ YROBIWK.
  1501 | D:2      | 1501 ||| Stepping ~*~*~tactically~*~*~ (stealth).
  1506 | D:2      | 1506 ||| Stepping ~*~*~tactically~*~*~ (stealth).
  1515 | D:2      | 1515 ||| Stepping ~*~*~tactically~*~*~ (stealth).
  1527 | D:2      | Reached skill level 5 in Axes
  1561 | D:2      | Found a glowing silver altar of Zin.
  1569 | D:2      | XOM: give mutations
  1569 | D:2      | Gained mutation: You are weak. (Str -2) [Xom's mischief]
  1569 | D:2      | Gained mutation: Your flesh is heat resistant. (rF+) [Xom's
                  | mischief]
  1569 | D:2      | Gained mutation: You occasionally lose the ability to drink
                  | potions when taking damage. [Xom's mischief]
  1569 | D:2      | Gained mutation: You sometimes lose the ability to drink
                  | potions when taking damage. [Xom's mischief]
  1896 | D:2      | 1896 ||| READING scroll labelled FUGETZ PEUFYC.
  1900 | D:2      | 1900 ||| READING scroll labelled QYTUSU ACEX.
  1901 | D:2      | 1901 ||| DRINKING 3 puce potions.
  1902 | D:2      | 1902 ||| DRINKING 2 ruby potions.
  1903 | D:2      | 1903 ||| DROPPING potion of attraction.
  2086 | D:2      | 2086 ||| UPGRADING to ring of poison resistance.
  2167 | D:3      | 2167 ||| Stepping ~*~*~tactically~*~*~ (stealth).
  2169 | D:3      | 2169 ||| Stepping ~*~*~tactically~*~*~ (stealth).
  2171 | D:3      | 2171 ||| Stepping ~*~*~tactically~*~*~ (stealth).
  2176 | D:3      | 2176 ||| Stepping ~*~*~tactically~*~*~ (stealth).
  2178 | D:3      | Reached XP level 4. HP: 36/36 MP: 4/4
  2246 | D:3      | 2246 ||| Stepping ~*~*~tactically~*~*~ (stealth).
  2304 | D:3      | Noticed Sigmund
  2305 | D:3      | 2305 ||| Stepping ~*~*~tactically~*~*~ (hiding).
  2316 | D:3      | Noticed Sigmund
  2316 | D:3      | Sigmund changed into Sigmund the goblin
  2317 | D:3      | Killed Sigmund the goblin
  2569 | D:3      | 2569 ||| Stepping ~*~*~tactically~*~*~ (hiding).
  2584 | D:3      | Reached skill level 6 in Axes
  2658 | D:3      | 2658 ||| FLEEEEING.
  2659 | D:3      | 2659 ||| FLEEEEING.
  2660 | D:3      | 2660 ||| FLEEEEING.
  2661 | D:3      | 2661 ||| FLEEEEING.
  2702 | D:3      | 2702 ||| STAIRDANCE
  2775 | D:2      | 2775 ||| UPGRADING to +0 scale mail.
  2785 | D:2      | 2785 ||| DROPPING +2 leather armour.
  2786 | D:2      | 2786 ||| READING scroll labelled POPIVONUAS.
  2787 | D:2      | 2787 ||| DRINKING 2 metallic inky potions.
  2788 | D:2      | 2788 ||| DRINKING 2 glowing dark potions.
  2841 | D:2      | 2841 ||| READING 2 scrolls of identify.
  2841 | D:2      | 2841 ||| IDENTIFYING fizzy brown potion
  2842 | D:2      | 2842 ||| DROPPING potion of lignification.
  2899 | D:3      | Reached XP level 5. HP: 33/42 MP: 5/5
  3018 | D:3      | 3018 ||| Stepping ~*~*~tactically~*~*~ (stealth).
  3020 | D:3      | 3020 ||| Stepping ~*~*~tactically~*~*~ (stealth).
  3040 | D:3      | XOM: summons 4 hostile demons
  3056 | D:3      | HP: 10/42 [shadow imp/nerve-wracking pain[Xom] (9)]
  3057 | D:3      | 3057 ||| READING 2 scrolls of teleportation.
  3316 | D:3      | XOM: draining
  3427 | D:3      | 3427 ||| Stepping ~*~*~tactically~*~*~ (stealth).
  3471 | D:3      | 3471 ||| DROPPING +0 whip.
  3587 | D:3      | 3587 ||| UPGRADING to +0 chain mail.
  3597 | D:3      | 3597 ||| DROPPING +0 scale mail.
  3627 | D:4      | 3627 ||| PLANNING OSSUARY
  3679 | D:4      | Noticed an ice beast
  3695 | D:4      | HP: 7/35 [something (4)]
  3695 | D:4      | Slain by an ice beast

Levels and vault maps discovered:
D:1:      dpeg_arrival_signposts, layout_basic,
          hellmonk_ecumenical_altar_defaced_shrine
D:2:      layout_basic, basic_altar
D:3:      layout_basic, uniq_sigmund
D:4:      minmay_spotlight, layout_loops_ring, nicolae_ossuary_entry_plus,
          grunt_decor_resistance, uniq_crazy_yiuf_cottage, uniq_eustachio,
          uniq_edmund

Skill      XL: |  1  2  3  4 |
---------------+-------------+-----
Axes           | 4 5 6 |  6.0
Fighting       | |  3.9
Armour         | |  2.4
Dodging        | |  1.1

Action                   |  1- 3 |  4- 6 || total
-------------------------+-------+-------++-------
Melee: Hand axe          |   119 |    81 ||   200
       Punch             |     3 |       ||     3
Invok: Renounce Religion |     1 |       ||     1
  Use: Scroll            |     8 |     3 ||    11
       Potion            |     2 |     2 ||     4
Armor: Leather armour    |    49 |     7 ||    56
       Scale mail        |       |    25 ||    25
       Chain mail        |       |     2 ||     2
Dodge: Dodged            |    64 |    40 ||   104

Table legend:
 A = Non-vault XP
 B = Vault XP
 C = Vault XP percentage of total XP
 D = Non-vault monster count
 E = Vault monster count
 F = Vault count percentage of total count
                 A         B        C        D         E       F
            +---------+---------+-------+---------+---------+-------
      Total |     172 |       2 |   1.1 |      57 |       1 |   1.7
            +---------+---------+-------+---------+---------+-------
        D:1 |      47 |       0 |   0.0 |      26 |       0 |   0.0
        D:2 |      25 |       0 |   0.0 |       8 |       0 |   0.0
        D:3 |     100 |       2 |   2.0 |      23 |       1 |   4.2
            +---------+---------+-------+---------+---------+-------
